cohdb
Replays
Latest Replays
All Replays
Popular Replays
Top Player Replays
Match Explorer
How It Works
Community
CoH3 Stats
Reddit
Sign in to upload your games and track your stats! →
Sign in with Steam
Match 25459741
Unlisted
Match 25459741
Overview
Messages
Build Orders
End
Vickers Machine Gun Team
Construct Section Command Post
Selects Indian Artillery Battlegroup
Infantry Section
ML 3-inch Mortar Team
Infantry Section
Selects Valour
Grenade Package
Construct Platoon Command Post
Selects Gurkha Rifles Section
Construct Field Infirmary
6-pounder Anti-tank Gun Team
Infantry Section
Gurkha Rifles Section
Construct Company Command Post
Selects Volunteer Infantry
Construct Field Infirmary
6-pounder Anti-tank Gun Team
Selects Towed ML 4.2-inch Heavy Mortar
Towed ML 4.2-inch Heavy Mortar
Maitre Menz
D3smondo
^3
DIV 250 BigBoss
0
0
Comments
sign in to comment!
No comments posted yet!